AoeStats
← Sitoru Gojo

Black Forest

507922533Analyzed
4v4 RM · 12d ago on Sep 20, 2026· 15m 35s· 8 players
Game mode
Random Map
Map size
Large (8 player)
Population
200
Speed
Normal
Resources
Standard
Victory
Conquest
Starting age
Dark Age
Ending age
Imperial Age
RankedLock teamsTeams togetherTeam positionsShared explorationLock speedFull tech treeHidden civsTurbo modeCheats
Victory
Defeat
🇲🇽 Celts · Mexico
820
+16
🇩🇰 Mongols · Denmark
774
+18
🇨🇳 Magyars · China
743
+19
🇲🇽 Italians · Mexico
675
+22
🇭🇷 Khmer · Croatia
834
-20
🇹🇼 Britons · Taiwan
812
-19
🇹🇼 Burgundians · Taiwan
806
-33
🇨🇳 Gurjaras · China
784
-18
Sitoru Gojo
4:12 Loom
11:40 Feudal Age
12:16 Double-Bit Axe
13:31 Horse Collar
Solari
0:26 Loom
12:00 Feudal Age
12:05 Man-at-Arms
13:36 Double-Bit Axe
Garloc
1:14 Loom
16:08 Feudal Age
小菜机
11:44 Feudal Age
ksffvbh
0:29 Loom
13:33 Feudal Age
14:08 Horse Collar
15:11 Wheelbarrow
Dyhvi
13:10 Feudal Age
12:41 Double-Bit Axe
12:41 Horse Collar
NDS
1:34 Loom
13:13 Feudal Age
sheya1
12:10 Feudal Age
12:51 Double-Bit Axe
Connection lost

Rejoining the realm…

Still unreachable

The connection could not be restored.

Session expired

The server has moved on; the page needs a fresh start.